Map: Eastwatch LE

Players

Isszul

  • Race: Zerg Zerg
  • Spawn Location: 1:00

Jazz - Winner!

  • Race: Protoss Protoss
  • League: Diamond
  • Spawn Location: 7:00

VOD

Have the link to the VOD?

Description

Time

  • Played on: March 3, 2018, 1:25 p.m.
  • Length: 14:16
Show
View Real Time Build Order
Export as new Build Order

Isszul Zerg 

Build Orders: Hatch First 

Get SALT Encoding   

  12  0:00  Drone  
  13  0:13  Overlord  
  13  0:16  Drone  
  14  0:31  Drone x2  
  16  0:49  Hatchery  
  15  0:52  Drone  
  15  0:56  Drone  
  17  1:00  Drone  
  18  1:10  Extractor  
  17  1:15  Spawning Pool  
  17  1:18  Drone  
  17  1:22  Drone  
  18  1:31  Drone  
  19  1:41  Overlord  
  19  1:50  Drone  
  20  2:04  Zergling x2, Queen  
  20  2:06  Drone  
  24  2:17  Hatchery  
  24  2:21  Drone x2  
  25  2:27  Metabolic Boost  
  25  2:30  Drone  
  25  2:33  Drone  
  27  2:37  Zergling x2  
  27  2:39  Drone  
  27  2:43  Drone  
  30  2:46  Overlord  
  30  2:54  Queen  
  30  2:56  Drone  
  33  2:59  Drone  
  33  3:05  Drone  
  35  3:07  Drone  
  36  3:14  Drone x3  
  36  3:17  Drone  
  40  3:20  Drone  
  40  3:27  Spore Crawler x2  
  40  3:29  Queen  
  40  3:30  Drone x2  
  42  3:35  Zergling x2  
  42  3:40  Extractor  
  42  3:43  Drone x3  
  45  3:48  Drone  
  45  3:54  Drone x2  
  45  3:55  Drone  
  49  4:02  Overlord  
  49  4:03  Overlord  
  49  4:14  Overlord x3  
  49  4:19  Spore Crawler  
  48  4:24  Queen  
  48  4:27  Drone x5  
  57  4:32  Drone  
  58  4:39  Drone x3  
  58  4:41  Drone  
  58  4:42  Drone  
  63  4:48  Lair  
  63  4:50  Drone x4  
  65  4:53  Extractor  
  65  4:54  Queen  
  65  4:55  Overlord x4  
  65  4:58  Zergling x2  
  67  5:05  Drone x2  
  69  5:07  Drone  
  67  5:16  Drone x2  
  67  5:18  Drone  
  70  5:27  Baneling Nest, Drone x2  
  70  5:28  Evolution Chamber, Drone x6  
  75  5:32  Extractor  
  75  5:33  Extractor  
  74  5:43  Hatchery  
  74  5:47  Extractor  
  74  5:49  Overlord  
  72  5:51  Pneumatized Carapace  
  70  6:02  Drone x4  
  70  6:03  Spore Crawler, Drone x4  
  76  6:19  Hatchery  
  75  6:29  Zerg Ground Armor Level 1  
  75  6:32  Evolution Chamber  
  75  6:33  Hydralisk Den  
  75  6:35  Drone  
  74  6:51  Spine Crawler x2  
  74  6:53  Centrifical Hooks  
  72  6:54  Zergling x14  
  72  6:55  Zergling x22  
  88  7:09  Hydralisk x5  
  88  7:11  Spore Crawler, Zerg Melee Weapons Level 1  
  97  7:16  Drone x5  
  97  7:20  Baneling  
  97  7:21  Baneling  
  102  7:26  Zergling x10  
  107  7:30  Baneling x4  
  107  7:43  Infestation Pit  
  99  8:03  Hydralisk x7  
  110  8:07  Spore Crawler  
  110  8:08  Spore Crawler  
  110  8:09  Spore Crawler x2  
  98  8:20  Spore Crawler  
  98  8:24  Hydralisk x3  
  98  8:25  Hydralisk x7  
  98  8:26  Hydralisk x7  
  98  8:27  Hydralisk  
  134  8:35  Overlord x4  
  132  8:44  Overseer  
  132  8:52  Zergling x4  
  132  8:53  Overlord x2  
  132  8:54  Zerg Ground Armor Level 2, Overlord  
  134  8:59  Spire  
  133  9:03  Drone x4  
  133  9:09  Baneling x4  
  137  9:10  Hydralisk x2  
  137  9:13  Zergling x4  
  143  9:33  Zergling x2  
  143  9:34  Zergling x24  
  156  9:39  Hive  
  156  9:44  Extractor  
  155  9:45  Extractor  
  146  9:59  Queen  
  148  10:09  Spine Crawler  
  148  10:11  Spine Crawler, Drone x5  
  148  10:12  Drone x3  
  148  10:13  Spine Crawler, Drone x7  
  148  10:14  Drone  
  161  10:19  Spire  
  160  10:32  Spire  
  160  10:40  Baneling x10  
  160  10:41  Baneling x2  
  131  11:06  Zergling x26  
  131  11:07  Corruptor x6  
  156  11:13  Queen  
  156  11:16  Zerg Melee Weapons Level 2  
  158  11:18  Adrenal Glands  
  158  11:49  Spire  
  158  11:52  Spire  
  156  11:59  Overlord x4  
  156  12:20  Spire  
  155  12:22  Spine Crawler  
  154  12:41  Lurker Den  
  154  12:42  Hatchery  
  152  12:47  Spine Crawler  
  152  12:48  Spine Crawler  
  123  13:17  Hydralisk x7  
  123  13:18  Hydralisk x7  
  123  13:19  Hydralisk x7  
  137  13:20  Hydralisk x7  
  137  13:21  Hydralisk x4  
  137  13:25  Zergling x6  
  137  13:26  Zergling x12  
  158  13:48  Zergling x26  
  171  14:03  Spine Crawler  
Show
View Real Time Build Order
Export as new Build Order

Jazz Protoss - Winner!

Build Orders: 1 Gate Expand, Phoenix Opening 

Get SALT Encoding   

  12  0:01  Probe  
  13  0:13  Probe  
  14  0:20  Pylon  
  14  0:25  Probe  
  15  0:38  Probe (Chrono Boost)  
  16  0:44  Gateway  
  16  0:48  Probe (Chrono Boost)  
  17  0:55  Probe  
  18  0:58  Assimilator  
  18  1:07  Probe  
  19  1:19  Probe  
  20  1:28  Nexus  
  20  1:39  Cybernetics Core  
  20  1:44  Probe (Chrono Boost)  
  21  1:54  Probe (Chrono Boost)  
  22  1:55  Pylon  
  22  1:58  Probe (Chrono Boost)  
  23  2:02  Assimilator  
  23  2:13  Probe  
  24  2:16  Adept  
  26  2:32  Stargate  
  26  2:33  Probe  
  27  2:42  Warp Gate  
  27  2:43  Adept  
  29  2:47  Probe x2 (Chrono Boost)  
  31  2:57  Probe x2 (Chrono Boost)  
  33  3:01  Probe (Chrono Boost)  
  33  3:03  Probe (Chrono Boost)  
  35  3:10  Adept  
  35  3:12  Probe  
  38  3:15  Probe  
  38  3:16  Phoenix (Chrono Boost)  
  41  3:24  Probe  
  43  3:27  Probe  
  43  3:37  Probe  
  43  3:39  Probe  
  45  3:47  Pylon  
  45  3:49  Pylon, Probe  
  45  3:51  Pylon  
  46  4:02  Oracle (Chrono Boost)  
  46  4:05  Probe x2  
  51  4:13  Adept  
  53  4:17  Assimilator, Probe x2  
  53  4:19  Assimilator  
  55  4:29  Probe x2  
  57  4:32  Oracle (Chrono Boost)  
  60  4:41  Probe x2  
  62  4:53  Probe x2  
  64  5:05  Probe x2  
  66  5:10  Nexus  
  66  5:12  Pylon  
  66  5:18  Probe x2  
  68  5:22  Twilight Council  
  68  5:23  Robotics Facility  
  68  5:25  Gateway  
  68  5:26  Gateway  
  68  5:28  Gateway  
  68  5:29  Pylon  
  68  5:30  Probe  
  68  5:33  Probe  
  68  5:35  Shield Battery  
  70  5:36  Shield Battery  
  70  5:38  Sentry  
  70  5:42  Probe  
  73  5:45  Pylon, Probe  
  73  5:47  Pylon  
  73  5:48  Pylon  
  74  5:50  Forge  
  74  5:51  Forge  
  74  5:54  Probe  
  75  6:00  Probe  
  76  6:04  Charge (Chrono Boost)  
  76  6:05  Sentry  
  76  6:06  Probe  
  76  6:08  Warp Prism (Chrono Boost)  
  81  6:12  Probe  
  82  6:19  Gateway, Probe  
  82  6:21  Gateway  
  82  6:22  Gateway  
  82  6:24  Probe  
  84  6:27  Zealot x2  
  84  6:29  Protoss Ground Armor Level 1 (Chrono Boost)  
  84  6:31  Probe  
  89  6:34  Probe  
  89  6:36  Stalker  
  89  6:38  Probe  
  93  6:43  Probe  
  93  6:44  Photon Cannon  
  93  6:45  Shield Battery  
  94  6:48  Photon Cannon, Probe  
  94  6:54  Zealot x2  
  98  6:56  Zealot  
  98  6:57  Probe  
  98  7:01  Probe  
  100  7:05  Probe  
  101  7:09  Probe  
  101  7:15  Protoss Ground Weapons Level 1 (Chrono Boost)  
  102  7:16  Stalker x2  
  102  7:17  Stalker  
  102  7:21  Probe  
  109  7:25  Probe  
  110  7:30  Probe  
  110  7:33  Assimilator  
  110  7:35  Assimilator  
  111  7:37  Pylon  
  112  7:44  Probe  
  112  7:48  Probe  
  111  7:57  Zealot x3  
  111  7:58  Zealot x4  
  117  8:00  Probe  
  117  8:03  Probe  
  118  8:12  Probe  
  119  8:13  Probe  
  119  8:15  Probe  
  119  8:17  Protoss Ground Armor Level 2 (Chrono Boost)  
  119  8:18  Immortal (Chrono Boost)  
  121  8:24  Probe  
  120  8:27  Probe  
  120  8:28  Zealot x2  
  120  8:29  Zealot x2  
  120  8:31  Probe  
  128  8:42  Probe  
  128  8:46  Templar Archives  
  129  8:52  Pylon  
  129  8:53  Immortal (Chrono Boost), Pylon  
  129  8:55  Pylon  
  133  9:02  Psionic Storm  
  133  9:08  Robotics Facility  
  133  9:13  Zealot  
  133  9:14  Zealot x2  
  139  9:17  Probe  
  139  9:22  Protoss Ground Weapons Level 2 (Chrono Boost), Immortal (Chrono Boost)  
  140  9:29  Nexus  
  140  9:30  Pylon  
  144  9:35  Zealot x4  
  144  9:37  Zealot  
  154  9:46  Probe  
  149  9:54  Probe  
  149  9:55  Immortal x2 (Chrono Boost), Probe  
  151  10:00  Dark Shrine  
  151  10:05  High Templar x6  
  151  10:06  High Templar  
  163  10:15  Shield Battery  
  163  10:16  Shield Battery  
  163  10:18  Pylon  
  163  10:20  Probe  
  163  10:21  Photon Cannon  
  164  10:23  Photon Cannon  
  164  10:27  Gateway, Protoss Ground Armor Level 3 (Chrono Boost)  
  164  10:30  Pylon  
  164  10:31  Pylon  
  144  11:01  Zealot x4  
  144  11:02  Zealot x3  
  158  11:10  Probe x4  
  162  11:13  Gateway  
  162  11:15  Observer (Chrono Boost), Gateway  
  162  11:16  Observer (Chrono Boost)  
  162  11:17  Blink  
  164  11:18  Gateway  
  164  11:24  Zealot x2  
  164  11:25  Zealot x2  
  172  11:27  Zealot  
  172  11:31  Dark Templar  
  176  11:43  Dark Templar x2  
  176  11:45  Probe x3  
  171  12:05  Probe  
  171  12:07  Stalker x2  
  171  12:08  Stalker x2  
  180  12:13  Zealot x2  
  180  12:20  Fleet Beacon  
  180  12:32  Stargate  
  180  12:34  Stargate  
  180  12:53  Assimilator  
  180  12:56  Assimilator  
  179  12:59  Nexus  
  179  13:01  Pylon  
  179  13:02  Dark Templar x2  
  179  13:03  Dark Templar x5  
  166  13:25  Nexus  
  164  13:27  Shield Battery  
  164  13:35  Pylon  
  164  13:43  Dark Templar  
  164  13:44  Dark Templar  
  164  13:45  High Templar  
  164  13:46  High Templar  
  172  13:50  Archon  
  172  14:03  Dark Templar x2  
Tags
 
Add a new tag
Caveats
  • Supply blocks, unpowered buildings, or Contaminate may cause inaccurate times.
  • Supply counts are checked every 10 seconds.